 Dungeon Crawl Stone Soup version 0.30-a0-867-g305f33218d (webtiles) character file.

Game seed: 2289837791991828806

177390 Grim the Bringer of Light (level 17, 0/156 HPs)
             Began as a Minotaur Fighter on Mar 10, 2023.
             Was the Champion of the Shining One.
             Slain by a wolf spider (18 damage)
             ... on level 1 of the Spider Nest.
             The game lasted 01:29:59 (39892 turns).

Grim the Bringer of Light (Minotaur Fighter)       Turns: 39892, Time: 01:29:59

Health: 0/156      AC: 20    Str: 26    XL:     17   Next: 25%
Magic:  27/27      EV: 15    Int:  7    God:    the Shining One [******]
Gold:   647        SH: 18    Dex: 11    Spells: 16/16 levels left

rFire   + + .      SeeInvis .    a - +2 trident (holy)
rCold   + + .      Faith    .    i - +0 kite shield {rC+}
rNeg    + + +      Spirit   .    P - quicksilver dragon scales of the Good {Rampage rPois rF+ Will+}
rPois   +          Reflect  +    B - +2 hat {Will+}
rElec   .          Rampage  +    e - scarf {repulsion}
rCorr   .                        j - +0 pair of gloves
Will    +++..                    N - +0 pair of boots Stlth
                                 s - amulet of reflection
HPRegen 0.46/turn                D - ring of protection from cold
MPRegen 0.20/turn                H - ring of protection from fire

@: glowing, studying 2 skills, repel missiles
A: horns 2, retaliatory headbutt, hooves 1, MP-powered wands
}: 1/15 runes: decaying
a: Renounce Religion, Divine Shield, Cleansing Flame, Summon Divine Warrior,
Brand Weapon With Holy Wrath


You were on level 1 of the Spider Nest.
You worshipped the Shining One.
The Shining One was exalted by your worship.
You visited 6 branches of the dungeon, and saw 29 of its levels.
You also visited: Bailey, Gauntlet and Ice Cave.

You collected 3681 gold pieces.
You spent 3034 gold pieces at shops.

Inventory:

Hand Weapons
 a - a +2 trident of holy wrath (weapon)
Missiles
 x - 56 poisoned darts
 A - 11 boomerangs
 E - a throwing net (quivered)
 L - 6 datura-tipped darts
 Y - 2 silver boomerangs
Armour
 e - a scarf of repulsion (worn)
 i - a +0 kite shield of cold resistance (worn)
 j - a +0 pair of gloves (worn)
 B - a +2 hat of willpower (worn)
 N - a +0 pair of boots (worn)
 P - the quicksilver dragon scales of the Good (worn) {Rampage rPois rF+ Will+}
   (You took it off a spriggan in a bailey)

   rF:        It protects you from fire.
   rPois:     It protects you from poison.
   Rampage:   It bestows one free step when moving towards enemies.
   Will:      It increases your willpower.
Jewellery
 s - an amulet of reflection (around neck)
 D - a ring of protection from cold (left hand)
 H - a ring of protection from fire (right hand)
Wands
 b - a wand of iceblast (6)
 n - a wand of polymorph (14)
 y - a wand of flame (55)
 J - a wand of digging (20)
 K - a wand of paralysis (4)
 W - a wand of mindburst (23)
Scrolls
 c - a scroll of brand weapon
 d - 7 scrolls of immolation
 f - 5 scrolls of vulnerability
 g - 16 scrolls of teleportation
 h - 7 scrolls of enchant armour
 k - 3 scrolls of magic mapping
 p - 2 scrolls of fear {unknown}
 r - 4 scrolls of silence
 u - 5 scrolls of identify
 v - 5 scrolls of poison
 F - 5 scrolls of enchant weapon
 I - a scroll of torment {unknown}
 M - 3 scrolls of amnesia {unknown}
 O - 4 scrolls of fog
Potions
 m - 4 potions of lignification
 q - 2 potions of brilliance
 w - 2 potions of berserk rage
 z - 3 potions of resistance
 C - 3 potions of haste
 G - a potion of experience {unknown}
 Q - 3 potions of magic
 R - 2 potions of might
 T - a potion of cancellation {unknown}
 U - 2 potions of ambrosia
 V - 4 potions of flight
 X - 8 potions of curing
 Z - 2 potions of attraction
Miscellaneous
 l - a phial of floods
 t - a phial of floods


   Skills:
 - Level 15.0 Fighting
 - Level 14.4 Polearms
 - Level 8.3 Ranged Weapons
 - Level 15.1 Armour
 + Level 13.9 Dodging
 - Level 15.0 Shields
 - Level 15.6 Invocations
 * Level 12.2 Evocations


You had 16 spell levels left.
You didn't know any spells.
Your spell library contained the following spells:

 Spells                   Type           Power      Damage    Failure   Level
 Beastly Appendage        Tmut           0%         N/A       73%         1
 Magic Dart               Conj           0%         1d3       73%         1
 Blink                    Tloc           0%         N/A       86%         2
 Call Imp                 Summ           0%         N/A       86%         2
 Lesser Beckoning         Tloc           0%         N/A       86%         2
 Momentum Strike          Conj/Tloc      0%         3d8       86%         2
 Wereblood                Tmut           0%         N/A       86%         2
 Dazzling Flash           Conj/Hex       0%         N/A       97%         3
 Hailstorm                Conj/Ice       0%         3d3       97%         3
 Mephitic Cloud           Conj/Pois/Air  0%         N/A       97%         3
 Ozocubu's Armour         Ice            0%         N/A       97%         3
 Spider Form              Tmut/Pois      0%         N/A       97%         3
 Tukima's Dance           Hex            0%         N/A       97%         3
 Airstrike                Air            0%         2d(0-16)  100%        4
 Ice Form                 Ice/Tmut       0%         N/A       100%        4
 Iskenderun's Mystic Bla  Conj/Tloc      0%         2d3       100%        4
 Leda's Liquefaction      Hex/Erth       0%         N/A       100%        4
 Passage of Golubria      Tloc           0%         N/A       100%        4
 Summon Lightning Spire   Summ/Air       0%         N/A       100%        4
 Lee's Rapid Deconstruct  Erth           0%         3d4*      100%        5
 Lightning Bolt           Conj/Air       0%         1d11      100%        5
 Yara's Violent Unravell  Hex/Tmut       0%         3d3       100%        5
 Simulacrum               Ice/Necr       0%         N/A       100%        6
 Starburst                Conj/Fire      0%         6d3       100%        6
 Statue Form              Tmut/Erth      0%         N/A       100%        6
 Ozocubu's Refrigeration  Ice            0%         4d7       100%        7


Dungeon Overview and Level Annotations

Branches:
Dungeon (15/15)            Temple (1/1) D:6            Lair (5/5) D:11
  Swamp (4/4) Lair:3       Spider (2/4) Lair:3        Slime (0/5) Lair:4
    Orc (2/2) D:11            Elf (0/3) Orc:2        Vaults (0/5) D:14
 Depths (0/4) D:15         Bailey (visited)           IceCv (visited)
Gauntlet (visited)

Altars:
Ashenzari
Cheibriados
Elyvilon
Fedhas
Gozag
Hepliaklqana
Makhleb
Nemelex Xobeh
Qazlal
Ru
Sif Muna
Trog
Uskayaw
Vehumet
Xom
Yredelemnul
Zin
The Shining One
Lugonu

Shops:
D:1 :   D:4 *   Orc:1 *   Orc:2 (*(*=

Portals:
Abyss: Lair:5
Pandemonium: Orc:2


Innate Abilities, Weirdness & Mutations

You have a pair of horns on your head.
You reflexively headbutt those who attack you in melee.
You have large cloven feet.
You expend magic power (3 MP) to strengthen your wands.


Message History

The wolf spider hits you!
* * * LOW HITPOINT WARNING * * *
You block the wolf spider's attack. The redback barely misses you.
You block the wolf spider's attack. x2
Unknown command.
You feel much better. You block the redback's attack.
The wolf spider hits you!!
* * * LOW HITPOINT WARNING * * *
You block the wolf spider's attack. You block the redback's attack.
The wolf spider misses you. You furiously retaliate!
You headbutt the wolf spider! The wolf spider bites you!
* * * LOW HITPOINT WARNING * * *
Okay, then.
Okay, then.
Okay, then.
Throw: 2 throwing nets
Press: ? - help, Q - select action, (/) - cycle Shift-Dir - straight line, f - wolf spider
Aim: a wolf spider (heavily wounded, berserk, haloed, 81% to hit)
You throw a throwing net. The throwing net hits the wolf spider.
The wolf spider is caught in the net!
The wolf spider is heavily wounded.
The redback bites you!
* * * LOW HITPOINT WARNING * * *
The wolf spider struggles against the net.
The redback barely misses you. You furiously retaliate!
You headbutt the redback.
The wolf spider struggles against the net.
The redback closely misses you. You furiously retaliate!
You headbutt the redback!
You kill the redback!
You feel much better.
The wolf spider struggles against the net.
The net rips apart, and the wolf spider comes free!
You block the wolf spider's attack. The wolf spider barely misses you.
You hit the wolf spider.
The wolf spider is heavily wounded.
The wolf spider hits you!!
* * * LOW HITPOINT WARNING * * *
The wolf spider bites you!!
You die...

##.......#)^#
#.#....##.## ###.##..###
######^..### ###
#######†.#.......#
##.#####.#.#...###..#..##
#..#.#...[.##...##..##..#
#.......#.....#†s#...#.##
##.##...###..##†@†...###
##....####..#####..#...#
...#...#.....~~≈##.#..##
.....###.....≈~≈≈#....#
###### ################


You could see a wolf spider (berserk).

Vanquished Creatures
  2 tentacled monstrosities
  Frances (D:12)
  Gastronok (D:12)
  An azure jelly (Swamp:4)
  Donald (Swamp:4)
  A fenstrider witch (Swamp:4)
  The ghost of Xipsav Ykao the Blocker, a journeyman MiFi of Qazlal (Orc:1)
  A frost giant (IceCv)
  A ghost moth (Spider:1)
  An emperor scorpion (Spider:1)
  The ghost of Wap Bun the Impaler, a journeyman MiBe of Trog (Orc:1)
  The ghost of Wofuoh the Thaumaturge, a journeyman DjIE of Makhleb (Orc:1)
  A broodmother (Spider:1)
  A very ugly thing (D:15)
  2 eleionomae (Swamp:1)
  A minotaur (Gauntlet)
  2 bunyips
  A shambling mangrove (Swamp:3)
  Josephine (Orc:1)
  A fire dragon (shapeshifter) (Lair:5)
  An entropy weaver (Spider:1)
  4 vault guards (D:14)
  A great orb of eyes (D:15)
  3 ice dragons (Swamp:4)
  A rakshasa (D:15)
  Harold (D:11)
  A ghost crab (Swamp:4)
  A catoblepas (Lair:4)
  6 hydras
  A radroach (Spider:1)
  9 alligators
  5 centaur warriors
  10 two-headed ogres
  A jorogumo (Spider:1)
  Erica (D:9)
  2 boulder beetles
  11 death yaks
  A tengu warrior (D:15)
  2 thrashing horrors (Lair:5)
  3 orc high priests (Orc:2)
  A sun demon (Orc:2)
  A skyshark (Lair:4)
  Nergalle (D:12)
  A pharaoh ant (Spider:1)
  A sixfirhy (Gauntlet)
  2 goliath frogs
  3 bog bodies
  3 orb spiders (Spider:1)
  2 spriggan druids
  A wizard (D:15)
  Pikel (D:9)
  2 swamp dragons
  2 deep elf pyromancers
  3 orc knights
  2 steelbarb worms (Spider:1)
  4 wolf spiders (Spider:1)
  24 ugly things
  4 will-o-the-wisps
  A salamander (Orc:1)
  4 elephants (Lair:3)
  2 moths of wrath (Spider:1)
  3 manticores
  4 black mambas
  7 cyclopes
  An apocalypse crab (Gauntlet)
  An ice statue (IceCv)
  2 torpor snails
  11 cane toads
  A demonic crawler (Spider:1)
  2 efreet (D:14)
  5 rime drakes
  A komodo dragon (shapeshifter) (D:13)
  10 komodo dragons
  3 kobold demonologists
  5 freezing wraiths
  3 tengu conjurers
  An ice devil (Orc:2)
  3 ancient zymes (Lair:5)
  A wolf spider simulacrum (Gauntlet)
  A hellwing (Orc:2)
  A meliai (Lair:3)
  3 meliai (shapeshifter)
  2 trolls
  7 polar bears
  6 hornets
  5 tyrant leeches
  5 dream sheep (Lair:4)
  9 tarantellas
  27 blink frogs
  A raiju (shapeshifter) (Lair:5)
  8 jumping spiders (Spider:1)
  3 wyverns
  A culicivora (Spider:1)
  9 spriggans
  A ynoxinul (Lair:5)
  A centaur simulacrum (Gauntlet)
  A culicivora (shapeshifter) (Lair:5)
  9 wraiths
  15 slime creatures
  41 yaks
  A yak (shapeshifter) (D:14)
  Eustachio (D:6)
  15 redbacks
  8 basilisks
  8 vampire mosquitoes
  A chaos spawn (Lair:5)
  A steam dragon (Lair:1)
  5 swamp worm simulacra (Swamp:4)
  A harpy simulacrum (Gauntlet)
  2 wargs
  A large abomination (Lair:5)
  A swamp worm (shapeshifter) (D:15)
  10 swamp worms
  2 acid dragons
  10 small abominations (Lair:5)
  14 hydra simulacra (Swamp:4)
  10 water moccasins
  21 orc warriors
  An ice dragon simulacrum (Gauntlet)
  A swamp drake (Swamp:1)
  3 ice beasts
  3 sky beasts
  7 black bears
  17 ogres
  14 wolves
  A lemure (D:9)
  5 centaurs
  2 phantoms
  4 kobold brigands
  9 bullfrogs
  3 gnoll sergeants
  3 scorpions
  9 wights
  16 killer bees
  3 howler monkeys
  4 electric eels
  A lava snake (D:15)
  3 hounds (D:7)
  A jelly (D:6)
  18 orc priests
  2 iguanas
  A sleepcap (D:6)
  2 gnoll boudas (D:6)
  25 orc wizards
  7 gnolls (D:6)
  3 adders
  A shadow imp (D:5)
  3 ufetubi
  3 swamp drake simulacra (Swamp:4)
  A worm (D:4)
  2 dart slugs
  66 orcs
  6 endoplasms
  2 giant cockroaches
  11 goblins
  4 hobgoblins
  10 jackals
  20 kobolds
  6 quokkas
  4 ball pythons
  7 bats
  2 frilled lizards
  4 rats
  A fire vortex (Orc:1)
806 creatures vanquished.

Vanquished Creatures (collateral kills)
  A fenstrider witch (Swamp:3)
  2 demonspawn (Orc:2)
  2 alligators
  3 orc high priests (Orc:2)
  3 spriggans
  A soul eater (Orc:2)
  2 goliath frogs (Swamp:1)
  A bog body (Swamp:1)
  2 orc knights (Orc:2)
  5 orc sorcerers (Orc:2)
  A tyrant leech (Swamp:3)
  3 hornets
  2 swamp worms
  A swamp drake (Swamp:2)
  6 orc warriors (Orc:2)
  An ogre (Orc:2)
  5 orc priests (Orc:2)
  An orc wizard (Orc:2)
42 creatures vanquished.

Vanquished Creatures (others)
  A manticore (D:8)
  2 bloated husks (Swamp:1)
  An orc priest (Orc:2)
  24 foxfires
  15 fungi
  19 plants
62 creatures vanquished.

Grand Total: 910 creatures vanquished

Notes
Turn   | Place    | Note
-------+----------+-------------------------------------------
     0 | D:1      | Grim the Minotaur Fighter began the quest for the Orb.
     0 | D:1      | Reached XP level 1. HP: 19/19 MP: 0/0
     8 | D:1      | Found Asur's Book Boutique.
    65 | D:1      | Reached XP level 2. HP: 21/26 MP: 1/1
   706 | D:2      | Reached XP level 3. HP: 29/31 MP: 2/2
  1548 | D:3      | Reached XP level 4. HP: 15/39 MP: 3/3
  1860 | D:3      | Reached skill level 5 in Polearms
  2099 | D:4      | Reached XP level 5. HP: 27/45 MP: 4/4
  2221 | D:4      | Noticed a black bear
  2229 | D:4      | Noticed a black bear
  2555 | D:3      | Gained mutation: You occasionally lose the ability to drink
                  | potions when taking damage. [potion of mutation]
  2600 | D:4      | Noticed a sky beast
  2608 | D:4      | Killed a sky beast
  2609 | D:4      | Reached skill level 5 in Shields
  2954 | D:4      | Reached XP level 6. HP: 43/51 MP: 5/5
  3239 | D:4      | Found Wasmoz's Assorted Antiques.
  3322 | D:4      | Found a broken altar of Ashenzari.
  3327 | D:4      | Found a shimmering blue altar of Sif Muna.
  3370 | D:5      | Entered Level 5 of the Dungeon
  3579 | D:5      | Reached XP level 7. HP: 57/57 MP: 6/6
  3936 | D:5      | Found Jiginn's Vocational Training.
  4054 | D:5      | Reached skill level 10 in Polearms
  4936 | D:5      | Found a shimmering altar of Xom.
  5023 | D:5      | Found a basalt altar of Yredelemnul.
  5029 | D:5      | Found a bloodstained altar of Trog.
  5035 | D:5      | Found a stormy altar of Qazlal.
  5280 | D:5      | Reached XP level 8. HP: 57/64 MP: 7/7
  5332 | D:6      | Found a staircase to the Ecumenical Temple.
  5384 | Temple   | Entered the Ecumenical Temple
  5419 | Temple   | Became a worshipper of the Shining One
  5865 | D:6      | Noticed Eustachio
  5891 | D:6      | Killed Eustachio
  6291 | D:6      | Found the +11 Singing Sword {sonic wave}
  6571 | D:6      | Noticed a two-headed ogre
  6582 | D:6      | Killed a two-headed ogre
  6583 | D:6      | Reached XP level 9. HP: 70/70 MP: 8/8
  7022 | D:7      | Reached skill level 1 in Invocations
  7022 | D:7      | Found a radiant altar of Vehumet.
  7084 | D:7      | Reached * piety under the Shining One
  7096 | D:7      | Reached skill level 5 in Fighting
  7666 | D:8      | Reached XP level 10. HP: 62/88 MP: 11/11
  8284 | D:8      | Reached ** piety under the Shining One
  8476 | D:8      | Reached skill level 5 in Invocations
  8481 | D:8      | Noticed a green ugly thing
  8501 | D:8      | HP: 3/91 [slime creature (10)]
  8877 | D:8      | Reached skill level 10 in Fighting
  8998 | D:8      | Noticed a manticore
  9006 | D:8      | Killed a manticore
  9115 | D:8      | Noticed a centaur warrior
  9123 | D:8      | Killed a centaur warrior
  9316 | D:8      | Killed a green ugly thing
  9687 | D:9      | Noticed Pikel
  9696 | D:9      | Killed Pikel
  9718 | D:8      | Reached XP level 11. HP: 32/104 MP: 14/14
 10089 | D:9      | Found a white marble altar of Elyvilon.
 10089 | D:9      | Noticed a two-headed ogre
 10104 | D:9      | Killed a two-headed ogre
 10137 | D:9      | Found a flagged portal.
 10150 | Bailey   | Entered a bailey
 10204 | Bailey   | Reached skill level 5 in Armour
 10611 | Bailey   | Identified the quicksilver dragon scales of the Good
                  | {Rampage rPois rF+ Will+}
 10621 | Bailey   | Noticed a two-headed ogre
 10646 | Bailey   | Killed a two-headed ogre
 11231 | D:9      | Noticed Erica
 11252 | D:9      | Killed Erica
 11598 | D:10     | Entered Level 10 of the Dungeon
 12107 | D:4      | Bought a runed scarf for 192 gold pieces
 12306 | D:10     | Found a sacrificial altar of Ru.
 12306 | D:10     | Found a burning altar of Makhleb.
 12306 | D:10     | Found a snail-covered altar of Cheibriados.
 12309 | D:10     | Noticed a two-headed ogre
 12317 | D:10     | Killed a two-headed ogre
 13046 | D:11     | Reached skill level 10 in Armour
 13107 | D:11     | Found a staircase to the Orcish Mines.
 13244 | D:11     | Noticed Harold
 13258 | D:11     | Killed Harold
 13259 | D:11     | Reached XP level 12. HP: 94/112 MP: 14/17
 13640 | D:11     | Found a staircase to the Lair.
 13680 | D:12     | Noticed Frances
 13764 | D:12     | Killed Frances
 13910 | D:12     | Reached skill level 1 in Dodging
 13920 | D:12     | Noticed Gastronok
 13924 | D:12     | The Shining One protects you from harm!
 14265 | D:12     | Noticed Nergalle
 14283 | D:12     | Killed Nergalle
 14730 | D:11     | Reached skill level 5 in Dodging
 15180 | D:12     | Killed Gastronok
 15181 | D:12     | Reached skill level 10 in Invocations
 15292 | D:12     | Found a broken altar of Ashenzari.
 15690 | D:13     | Identified 4 scrolls of acquirement
 15697 | D:13     | Acquired a manual of Ranged Weapons
 15698 | D:13     | Acquired the +4 plate armour "Trusted Companion" {rPois rC-
                  | Str+3 Stlth+}
 15699 | D:13     | Acquired 629 gold pieces
 15700 | D:13     | Acquired 341 gold pieces
 15750 | D:13     | Noticed a two-headed ogre
 15751 | D:13     | Noticed a two-headed ogre
 15751 | D:13     | Noticed an ogre mage
 15751 | D:13     | Noticed a two-headed ogre
 15781 | D:12     | Killed a two-headed ogre
 15787 | D:12     | Killed a two-headed ogre
 15794 | D:13     | Noticed a two-headed ogre
 15881 | D:13     | Noticed a two-headed ogre
 15891 | D:12     | Killed a two-headed ogre
 16019 | D:12     | Killed a two-headed ogre
 16025 | D:12     | Killed a two-headed ogre
 16226 | D:4      | Bought a pair of runed boots for 180 gold pieces
 16275 | D:5      | Bought a manual of Invocations for 1200 gold pieces
 16687 | D:13     | Reached XP level 13. HP: 117/117 MP: 20/20
 17352 | D:14     | Found the +8 storm bow {elec, penet}
 17417 | D:14     | Reached *** piety under the Shining One
 17464 | D:14     | Reached skill level 10 in Dodging
 18340 | D:14     | Identified the +3 ring mail of Life {*Corrode rPois rF+
                  | Stlth+}
 18362 | D:14     | Found a gate to the Vaults.
 19101 | D:15     | Entered Level 15 of the Dungeon
 19181 | D:15     | Found a hide-covered altar of Uskayaw.
 19492 | D:15     | Found a gate leading to a gauntlet.
 19496 | Gauntlet | Entered a Gauntlet
 19496 | Gauntlet | Found a transporter.
 19496 | Gauntlet | Found a transporter.
 19499 | Gauntlet | Reached **** piety under the Shining One
 19505 | Gauntlet | Found a transporter.
 19508 | Gauntlet | Found a transporter.
 19509 | Gauntlet | Found a transporter.
 19511 | Gauntlet | Found a transporter.
 19533 | Gauntlet | Found a transporter.
 19579 | Gauntlet | Found a transporter.
 19579 | Gauntlet | Found a transporter.
 19581 | Gauntlet | Found a transporter.
 19592 | Gauntlet | Found a runed translucent gate.
 19595 | Gauntlet | Found a runed translucent gate.
 19596 | Gauntlet | Found a transporter.
 19597 | Gauntlet | Found a runed translucent gate.
 19612 | Gauntlet | Found a transporter.
 19622 | Gauntlet | Found a transporter.
 19626 | Gauntlet | Found a transporter.
 19987 | Gauntlet | Identified the +2 pair of gloves of New Discoveries {Harm
                  | Will- rCorr SInv}
 19997 | Gauntlet | Identified the ring "Fitod" {rElec MP+9 Str-3 Int+6 SInv}
 19997 | Gauntlet | Noticed a minotaur
 20014 | Gauntlet | Killed a minotaur
 20015 | Gauntlet | Reached XP level 14. HP: 125/125 MP: 20/23
 20120 | D:15     | Noticed a purple very ugly thing
 20135 | D:15     | Killed a red very ugly thing
 20197 | D:15     | Reached skill level 5 in Ranged Weapons
 20237 | D:15     | Found a staircase to the Depths.
 20843 | Lair:1   | Entered Level 1 of the Lair of Beasts
 22568 | Lair:2   | Reached skill level 15 in Invocations
 23198 | Lair:3   | Found a staircase to the Swamp.
 23924 | Lair:3   | Found a hole to the Spider Nest.
 25320 | Lair:4   | Found a staircase to the Slime Pits.
 25755 | Lair:5   | Entered Level 5 of the Lair of Beasts
 25853 | Lair:5   | Reached skill level 10 in Shields
 26130 | Lair:5   | Reached XP level 15. HP: 68/136 MP: 25/25
 27041 | Lair:5   | Found a corrupted altar of Lugonu.
 27041 | Lair:5   | Found a one-way gate to the infinite horrors of the Abyss.
 28409 | Orc:1    | Entered Level 1 of the Orcish Mines
 28503 | Orc:1    | Found a shimmering blue altar of Sif Muna.
 28643 | Orc:1    | Found a runed translucent gate.
 28643 | Orc:1    | Found a runed translucent gate.
 28643 | Orc:1    | Found a runed translucent gate.
 28644 | Orc:1    | Noticed Wofuoh's ghost (journeyman DjIE)
 28644 | Orc:1    | Noticed Xipsav Ykao's ghost (journeyman MiFi)
 28644 | Orc:1    | Reached ***** piety under the Shining One
 28645 | Orc:1    | Noticed Wap Bun's ghost (journeyman MiBe)
 28655 | Orc:1    | Found Vostraat's Assorted Antiques.
 28676 | Orc:1    | Killed Wap Bun's ghost
 28679 | Orc:1    | Killed Wofuoh's ghost
 28695 | Orc:1    | Killed Xipsav Ykao's ghost
 28706 | Orc:1    | Noticed Josephine
 28714 | Orc:1    | Killed Josephine
 28871 | Orc:1    | Identified the ring of Wishful Thinking {Fly rPois rN+
                  | Str+2 Int+2}
 29239 | Orc:2    | Entered Level 2 of the Orcish Mines
 29264 | Orc:2    | Found a frozen archway.
 29282 | IceCv    | Entered an ice cave
 29345 | IceCv    | Reached skill level 15 in Fighting
 29675 | IceCv    | Lost mutation: You occasionally lose the ability to drink
                  | potions when taking damage. [potion of mutation]
 29675 | IceCv    | Gained mutation: You expend magic power (3 MP) to
                  | strengthen your wands. [potion of mutation]
 29675 | IceCv    | Gained mutation: You have large cloven feet. [potion of
                  | mutation]
 30018 | IceCv    | Noticed a frost giant
 30053 | IceCv    | Killed a frost giant
 30461 | Orc:2    | Found a staircase to the Elven Halls.
 30472 | Orc:2    | Found Jisk's Weapon Boutique.
 30656 | Orc:2    | Found Vusitong's General Store.
 30671 | Orc:2    | Found Cof Zics's General Store.
 31138 | Orc:2    | Bought a potion of heal wounds for 70 gold pieces
 31140 | Orc:2    | Bought a potion of ambrosia for 96 gold pieces
 31140 | Orc:2    | Bought a potion of curing for 36 gold pieces
 31140 | Orc:2    | Bought a potion of heal wounds for 60 gold pieces
 31513 | Orc:2    | Reached XP level 16. HP: 149/149 MP: 20/26
 31613 | Orc:2    | Found Jimocyos's Jewellery Shoppe.
 31613 | Orc:2    | Found Ibrig's Antique Weapon Emporium.
 31614 | Orc:2    | Found a one-way gate leading to the halls of Pandemonium.
 32058 | Swamp:1  | Entered Level 1 of the Swamp
 32600 | D:5      | Bought a manual of Evocations for 1200 gold pieces
 32938 | Swamp:1  | Reached skill level 1 in Evocations
 33577 | Swamp:2  | Found an opulent altar of Gozag.
 33669 | Swamp:2  | Reached skill level 5 in Evocations
 35073 | Swamp:3  | Noticed a tentacled monstrosity
 35334 | Swamp:3  | Killed a tentacled monstrosity
 35750 | Swamp:3  | Reached skill level 15 in Armour
 35991 | Swamp:4  | Entered Level 4 of the Swamp
 36471 | Swamp:4  | Noticed Donald
 36481 | Swamp:4  | Killed Donald
 36681 | Swamp:4  | Noticed a tentacled monstrosity
 36696 | Swamp:4  | Killed a tentacled monstrosity
 37003 | Swamp:4  | Reached skill level 15 in Shields
 37638 | Swamp:4  | Reached skill level 10 in Evocations
 37697 | Swamp:4  | Got a decaying rune of Zot
 37898 | Spider:1 | Entered Level 1 of the Spider Nest
 37935 | Spider:1 | Reached XP level 17. HP: 148/156 MP: 27/27
 38885 | Spider:1 | Reached ****** piety under the Shining One
 39892 | Spider:1 | Slain by a wolf spider

Illustrated notes

Levels and vault maps discovered:
D:1:      minmay_arrival_four_houses, layout_basic, serial_glass,
          glass_columns_a, glass_columns_a, serial_shops, shop, st_stairs_6,
          hex_medium
D:2:      layout_loops_ring, serial_forest, infiniplex_forest_clump_medium,
          infiniplex_forest_join, infiniplex_forest_straight_1,
          infiniplex_forest_zigzag_1, infiniplex_forest_lined_corner
D:3:      layout_basic
D:4:      layout_basic, mainiacjoe_overflow_catwalk_spiral, serial_shops,
          kennysheep_mini_moat
D:5:      layout_basic, minitemple, serial_co_window_serial, co_window_corner_a,
          co_window_of_opportunity_a, co_window_corner_a, co_window_paths_a,
          co_window_paths_a, co_window_corner_a, co_window_corner_a,
          co_window_corner_b, co_window_unsneaky_path_b, co_window_paths_c,
          co_window_4corner_b, co_window_paths_e, glass_columns_c,
          glass_columns_b, glass_columns_a, glass_columns_c,
          minmay_crystal_room, st_stairs_4, nicolae_shop_vocational
D:6:      layout_basic, minmay_temple_entry_wispy, minmay_fountain_box,
          sword_in_stone
D:7:      layout_rooms, vehumet_crystals
D:8:      nzn_winding_woodlands_cross [nzn_winding_woodlands_5x15_pockets,
          nzn_winding_woodlands_5x15_default, nzn_winding_woodlands_5x15_eye,
          nzn_winding_woodlands_5x15_crooked,
          nzn_winding_woodlands_15x15_thick_spiral], layout_loops_ring
D:9:      layout_rooms, mainiacjoe_overflow_tiny_flanked, enter_bailey_3,
          uniq_erica, uniq_pikel
D:10:     layout_basic, gammafunk_temple_overflow_claw
D:11:     layout_roguey, grunt_lair_entry_orc_guard_hut, orc_0_dummy,
          uniq_harold
D:12:     layout_basic, nicolae_ashenzari_skybound, uniq_nergalle, uniq_frances,
          uniq_gastronok
D:13:     layout_long_grid
D:14:     layout_rooms, lightli_vaults_fourway_checkpoint,
          infiniplex_staircase_zigzag_3
D:15:     gammafunk_enter_depths_forms, layout_long_grid,
          nicolae_uskayaw_murder_on_the_dancefloor, gauntlet_entry_generic,
          nicolae_lava_and_water
Temple:   nicolae_temple_bog_church
Lair:1:   layout_cellular_growth, lemuel_fruit_tree
Lair:2:   layout_cave_pods
Lair:3:   wander_river, layout_regular_city, swamp_mist_pool,
          hellmonk_spider_entry_not_the_bees, grunt_forest_stairs_clearing,
          infiniplex_staircase_pool_2
Lair:4:   layout_hall_layers, slime_entry_1, grunt_megastairs_1
Lair:5:   hellmonk_lair_end_abyssal_woods, layout_cave_shapes, disabler_island
Swamp:1:  layout_basic_swamp, nicolae_swamp_little_tower,
          infiniplex_staircase_pool
Swamp:2:  layout_basic_swamp, nicolae_swamp_godswood
Swamp:3:  layout_basic_swamp, nicolae_swamp_trees_clearing
Swamp:4:  swamp_icy, layout_basic_swamp, swamp_pool1, lightli_tree_ring,
          uniq_donald
Spider:1: layout_spider_delve
Spider:2: layout_spider_delve
Orc:1:    layout_caves, gammafunk_ghost_cemetery, serial_shops,
          nicolae_shop_overgrown_old_shop, nicolae_orc_lava_tube, led_sif_book,
          uniq_josephine
Orc:2:    pf_orc_diabolical, layout_caves, portal_ice_cave_entry_pillars_1,
          serial_shops, nicolae_diamond_shop, hellmonk_bongcloud_opening

Skill      XL: |  1  2  3  4  5  6  7  8  9 10 11 12 13 14 15 16 17 |
---------------+----------------------------------------------------+-----
Polearms       | 3 4 5 6 8 10 14 | 14.4
Shields        | 4 5 10 13 15 | 15.0
Fighting       | 7 11 13 15 | 15.0
Invocations    | 3 6 8 10 13 15 | 15.6
Armour         | 10 11 13 15 | 15.1
Dodging        | 8 12 13 | 13.9
Ranged Weapons | 8 |  8.3
Evocations     | 10 12 | 12.2

Action                     |  1- 3 |  4- 6 |  7- 9 | 10-12 | 13-15 | 16-18 || total
---------------------------+-------+-------+-------+-------+-------+-------++-------
  Melee: Trident           |   134 |   113 |   364 |   667 |  1717 |   886 ||  3881
         Headbutt          |    13 |    13 |    61 |   178 |   523 |   265 ||  1053
  Throw: Dart              |       |       |    11 |    10 |       |       ||    21
         Boomerang         |       |       |       |     3 |       |     3 ||     6
         Throwing net      |       |       |       |       |       |     3 ||     3
 Invoke: Divine Shield     |       |       |       |    11 |    15 |     6 ||    32
         Cleansing Flame   |       |       |       |       |    15 |     8 ||    23
         Summon Divine War |       |       |       |       |     1 |     4 ||     5
  Evoke: Wand              |       |       |       |     4 |     4 |    18 ||    26
    Use: Potion            |       |     2 |     3 |     6 |    10 |     7 ||    28
         Scroll            |       |     5 |     1 |    13 |    13 |     6 ||    38
 Armour: Scale mail        |    49 |    38 |       |       |       |       ||    87
         Swamp dragon scal |       |    11 |    73 |    34 |       |       ||   118
         Skin              |       |       |     2 |     4 |       |       ||     6
         Quicksilver drago |       |       |       |    67 |   358 |   282 ||   707
  Dodge: Dodged            |    33 |    42 |    54 |   119 |   491 |   350 ||  1089
         Repelled          |       |       |       |       |     4 |     8 ||    12
  Block: Buckler           |    23 |    52 |    69 |       |       |       ||   144
         Reflection        |       |     2 |     6 |    18 |    16 |    11 ||    53
         Kite shield       |       |       |    94 |   389 |  1076 |   787 ||  2346

Table legend: (Time is in decaauts)
 A = Elapsed time spent in this place.
 B = Non-inter-level travel time spent in this place.
 C = Inter-level travel time spent in this place.
 D = Time resting spent in this place.
 E = Time spent auto-exploring this place.
 F = Levels seen in this place.
 G = Mean time per level.
                   A        B        C        D        E       F      G
               +--------+--------+--------+--------+--------+-----+--------+
         Total |  39283 |  36861 |   2422 |  12804 |  17270 |  32 | 1227.6 |
       Dungeon |  19670 |  18127 |   1543 |   6216 |   8752 |  15 | 1311.3 |
        Temple |     49 |     36 |     13 |      0 |     25 |   1 |   49.0 |
          Lair |   7633 |   7047 |    586 |   2107 |   3960 |   5 | 1526.6 |
         Swamp |   5232 |   5058 |    174 |   1944 |   2299 |   4 | 1308.0 |
   Spider Nest |   1690 |   1663 |     27 |    841 |    464 |   2 |  845.0 |
  Orcish Mines |   2257 |   2179 |     78 |    508 |   1233 |   2 | 1128.5 |
        Bailey |   1010 |   1010 |      0 |    718 |    131 |   1 | 1010.0 |
      Ice Cave |   1124 |   1124 |      0 |    398 |    403 |   1 | 1124.0 |
      Gauntlet |    615 |    615 |      0 |     71 |      0 |   1 |  615.0 |
               +--------+--------+--------+--------+--------+-----+--------+

Top non-repeatable levels by time:
     D:8: 2375 daAuts
  Lair:3: 2235 daAuts
     D:5: 2064 daAuts
     D:6: 1757 daAuts
    D:11: 1681 daAuts
 Swamp:4: 1678 daAuts
Spider:1: 1677 daAuts
    D:14: 1673 daAuts
  Lair:5: 1602 daAuts
    D:13: 1551 daAuts
  Lair:4: 1541 daAuts
    D:12: 1526 daAuts
  Lair:1: 1374 daAuts
 Swamp:1: 1369 daAuts
 Swamp:2: 1290 daAuts
